 Dungeon Crawl Stone Soup version 0.20.0-15-g7f486f2 (webtiles) character file.

403 Naow the Magician (level 6, -2/32 HPs)
             Began as a Deep Elf Earth Elementalist on June 10, 2017.
             Was an Initiate of Vehumet.
             Killed by divine providence
             ... invoked by an orc priest
              (15 damage)
             ... on level 3 of the Dungeon.
             The game lasted 00:05:15 (3829 turns).

Naow the Magician (Deep Elf Earth Elementalist)     Turns: 3829, Time: 00:05:15

Health: -2/32      AC:  3    Str:  5    XL:     6   Next: 55%
Magic:  1/18       EV: 13    Int: 22    God:    Vehumet [......]
Gold:   187        SH:  0    Dex: 15    Spells: 4/19 levels left

rFire    . . .     SeeInvis .   (no weapon)
rCold    . . .     Gourm    .   (no shield)
rNeg     . . .     Faith    .   c - +0 robe
rPois    .         Spirit   .   (no helmet)
rElec    .         Reflect  .   m - +0 cloak
rCorr    .         Harm     .   (no gloves)
MR       .....                  (no boots)
Stlth    ++........             (no amulet)
Regen    0.1/turn               (no ring)
MPRegen  0.2/turn               (no ring)

@: very slightly contaminated
A: no striking features
a: Renounce Religion


You were on level 3 of the Dungeon.
You worshipped Vehumet.
Vehumet was noncommittal.
You were hungry.

You visited 1 branch of the dungeon, and saw 4 of its levels.

You collected 187 gold pieces.

Inventory:

Missiles
 b - 32 stones (quivered)
Armour
 c - a +0 robe (worn)
 m - a +0 cloak (worn)
Jewellery
 u - an uncursed amulet of rage {unknown}
 w - a +5 ring of slaying {unknown}
Scrolls
 h - a scroll of fear {unknown}
 i - 3 scrolls of remove curse {unknown}
 k - a scroll of enchant armour {unknown}
 l - 2 scrolls of enchant weapon {unknown}
 n - 4 scrolls of identify {unknown}
 t - a scroll of recharging {unknown}
 y - a scroll of teleportation {unknown}
Potions
 a - a potion of flight {unknown}
 f - a potion of curing {unknown}
 g - a potion of brilliance {unknown}
 o - a potion of might {unknown}
 p - a potion of haste {unknown}
 r - a potion of ambrosia {unknown}
 s - a potion of heal wounds {unknown}
 v - 3 potions of lignification {unknown}
Books
 e - a book of Geomancy

   Spells                             Type                      Level
   a - Sandblast                      Earth                        1
   b - Passwall                       Transmutation/Earth          2
   c - Stone Arrow                    Conjuration/Earth            3
   d - Petrify                        Transmutation/Earth          4
   e - Lee's Rapid Deconstruction     Earth                        5
Comestibles
 d - 2 bread rations
 j - a meat ration
 q - a royal jelly


   Skills:
 - Level 2.4 Dodging
 - Level 2.4 Stealth
 + Level 7.1 Spellcasting
 - Level 1.1 Transmutations
 + Level 6.1 Earth Magic


You had 4 spell levels left.
You knew the following spells:

 Your Spells              Type           Power        Failure   Level  Hunger
a - Sandblast             Erth           ####..       1%          1    None
b - Stone Arrow           Conj/Erth      ###...       7%          3    None
c - Passwall              Tmut/Erth      ###.......   2%          2    None
d - Petrify               Tmut/Erth      ###.....     19%         4    ###....
e - Lee's Rapid Deconstr  Erth           ####......   19%         5    #####..


Dungeon Overview and Level Annotations

Branches:
Dungeon (4/15)
 Temple: D:4-7

Altars:
Fedhas
Nemelex Xobeh
Sif Muna
Trog
Vehumet
Yredelemnul
The Shining One


Message History

A giant cockroach comes into view.
Casting: Sandblast
Confirm with . or Enter, or press ? or * to list all spells.
Aiming: Sandblast
Press: ? - help, Shift-Dir - straight line, f/p - iguana
Aim: an iguana (severely wounded)
The blast of sand hits the iguana.
You kill the iguana!
Vehumet accepts your kill.
b - 32 stones Unknown command.
Unknown command.
There is a stone staircase leading up here.
You climb upwards.
An orc priest comes into view. It is wielding a trident.
There is a stone staircase leading down here.
An orc priest is nearby!
The orc priest invokes the aid of Beogh against you.
Beogh smites you!
You die...

######.# #......#.####
###....#.## ########.......#
##.........#####.....##.##.##.#
#...#..#.......#.....#........#
##............#.#.....#...#.#..#
#..#......#...#.#.....#...#.#..#
#.............#.#.<...#.....#..#
#.............#.###)###........#
#..#......#)..#@###)# #.......##
##.......o..)..>##..# ###...>.#
###...#..#...#.###.#.######.####
............##.##.###....##.#
####.#....####.#.##
##.#.##.##### ####.##.### #..##
##..##.#...) #........# ###.##
##......#.### #.##.###.#
##.###.#######.### #.##.###.#
##.#.## ###.##.


You could see an orc priest.

Vanquished Creatures
  5 orc priests
  An iguana (D:4)
  Jessica (D:2)
  Terence (D:2)
  A gnoll (D:1)
  4 adders
  A howler monkey skeleton (D:4)
  An ooze (D:1)
  3 worms
  2 dart slugs
  2 leopard geckos
  12 orcs
  3 giant cockroaches
  2 gnoll zombies (D:2)
  6 hobgoblins
  8 jackals
  8 kobolds
  A quokka (D:3)
  3 ball pythons
  A ball python skeleton (D:4)
  12 bats
  6 frilled lizards
  8 goblins
  6 rats
98 creatures vanquished.

Notes
Turn   | Place    | Note
-------+----------+-------------------------------------------
     0 | D:1      | Naow the Deep Elf Earth Elementalist began the quest for the Orb.
     0 | D:1      | Reached XP level 1. HP: 10/10 MP: 6/6
    36 | D:1      | Reached XP level 2. HP: 7/15 MP: 0/8
   333 | D:1      | Found a sparkling altar of Nemelex Xobeh.
   795 | D:1      | Reached skill level 4 in Spellcasting
   795 | D:1      | Reached XP level 3. HP: 19/19 MP: 6/10
   858 | D:2      | Noticed Jessica
   864 | D:2      | Killed Jessica
  1098 | D:2      | Reached XP level 4. HP: 24/24 MP: 10/12
  1138 | D:2      | Found a bloodstained altar of Trog.
  1329 | D:2      | Reached skill level 5 in Spellcasting
  1822 | D:2      | Noticed Terence
  1837 | D:2      | Killed Terence
  1924 | D:2      | Found a basalt altar of Yredelemnul.
  1968 | D:3      | Reached skill level 5 in Earth Magic
  1968 | D:3      | Reached XP level 5. HP: 28/28 MP: 12/15
  2044 | D:3      | Learned a level 3 spell: Stone Arrow
  2047 | D:3      | Learned a level 2 spell: Passwall
  2052 | D:3      | Learned a level 4 spell: Petrify
  2058 | D:3      | Learned a level 5 spell: Lee's Rapid Deconstruction
  2068 | D:3      | Reached skill level 6 in Spellcasting
  2305 | D:3      | Reached XP level 6. HP: 32/32 MP: 12/17
  3609 | D:4      | Found a glowing golden altar of the Shining One.
  3611 | D:4      | Found a deep blue altar of Sif Muna.
  3614 | D:4      | Found a radiant altar of Vehumet.
  3615 | D:4      | Found a blossoming altar of Fedhas.
  3622 | D:4      | Became a worshipper of Vehumet
  3808 | D:4      | Reached skill level 7 in Spellcasting
  3829 | D:3      | Killed from afar by an orc priest

Skill      XL: |  1  2  3  4  5  6 |
---------------+-------------------+-----
Earth Magic    | 4 5 6 |  6.1
Spellcasting   | 4 5 6 7 |  7.1
Dodging        | |  2.4
Stealth        | |  2.4
Transmutations | |  1.1

Action                   |  1- 3 |  4- 6 || total
-------------------------+-------+-------++-------
Melee: Unarmed           |     8 |    14 ||    22
 Cast: Sandblast         |    41 |    86 ||   127
       Stone Arrow       |       |    25 ||    25
  Eat: Chunk             |       |     8 ||     8
Armor: Robe              |     4 |     8 ||    12
Dodge: Dodged            |    31 |    55 ||    86
